 Dungeon Crawl Stone Soup version 0.30.1-6-gbe392663c4 (webtiles) character file.

Game seed: 15345703373034496583

79 Cheops the Caller (level 4, 0/30 HPs)
             Began as a Merfolk Summoner on Sept 20, 2023.
             Slain by an orc
             ... wielding a +0 club
              (1 damage)
             ... on level 3 of the Dungeon.
             The game lasted 00:07:37 (1957 turns).

Cheops the Caller (Merfolk Summoner)                Turns: 1957, Time: 00:07:37

Health: 0/30       AC:  3    Str:  8    XL:     4   Next: 37%
Magic:  7/7        EV: 11    Int: 16    God:
Gold:   28         SH:  4    Dex: 14    Spells: 1/7 levels left

rFire   . . .        a - +0 spear
rCold   . . .        m - +0 buckler
rNeg    . . .        l - +0 leather armour
rPois   .            i - +0 hat
rElec   .            (no cloak)
rCorr   .            (no gloves)
SInv    .            (no boots)
Will    .....        (no amulet)
Stlth   ++           (no ring)
HPRegen 0.25/turn    (no ring)
MPRegen 0.10/turn

%: no passive effects
@: no status effects
A: (nimble swimmer 2), mertail
a: no special abilities


You were on level 3 of the Dungeon.
You visited 1 branch of the dungeon, and saw 3 of its levels.

You collected 138 gold pieces.
You spent 110 gold pieces at shops.

Inventory:

Hand Weapons
 a - a +0 spear (weapon)
Armour
 i - a +0 hat (worn)
 l - a +0 leather armour (worn)
 m - a +0 buckler (worn)
Wands
 q - a wand of digging (8)
Scrolls
 c - a scroll of teleportation {unknown}
 e - 2 scrolls of noise {unknown}
 h - 2 scrolls of blinking {unknown}
 j - 4 scrolls of amnesia {unknown}
 k - a scroll of enchant armour {unknown}
 n - a scroll of brand weapon {unknown}
 o - a scroll of enchant weapon {unknown}
 p - a scroll of immolation {unknown}
 r - a scroll of magic mapping {unknown}
Potions
 b - a potion of magic
 d - a potion of curing {unknown}
 f - a potion of lignification {unknown}
 g - a potion of flight {unknown}
 s - a potion of berserk rage


   Skills:
 + Level 1.9 Polearms
 - Level 2.6 Dodging
 - Level 2.1 Stealth
 + Level 0.8 Shields
 - Level 2.0 Spellcasting
 * Level 5.3 Summonings


You had one spell level left.
You knew the following spells:

 Your Spells              Type           Power      Damage    Failure   Level
C - Call Canine Familiar  Summ           18%        N/A       16%         3
I - Call Imp              Summ           36%        N/A       9%          2
M - Summon Small Mammal   Summ           72%        N/A       5%          1

Your spell library contained the following spells:

 Spells                   Type           Power      Damage    Failure   Level
 Summon Guardian Golem    Hex/Summ       10%        N/A       43%         3
 Summon Lightning Spire   Summ/Air       10%        N/A       85%         4


Dungeon Overview and Level Annotations

Branches:
Dungeon (3/15)

Altars:

Shops:
D:2 !


Innate Abilities, Weirdness & Mutations

((You are very nimble when in or above water. (Stealth+, EV+, Speed+++)))
Your lower body shifts to a powerful aquatic tail in water.


Message History

* * * LOW HITPOINT WARNING * * *
You hit the orc.
The orc is heavily wounded.
The orc barely misses you. You block the orc's attack.
You hit the orc.
The orc is severely wounded.
The orc completely misses you.
The orc hits you from afar with a +0 trident.
* * * LOW HITPOINT WARNING * * *
You hit the orc.
You kill the orc!
The orc hits you but does no damage.
Things that are here:
a +0 short sword; 3 stones You block the orc's attack.
There is a stone staircase leading up, spattered with blood here.
You hit the orc.
The orc is heavily wounded.
You block the orc's attack.
You barely miss the orc.
The orc is heavily wounded.
The orc hits you with a +0 trident!
* * * LOW HITPOINT WARNING * * *
You closely miss the orc.
The orc is heavily wounded.
The orc barely misses you.
You hit the orc.
You kill the orc!
You barely miss the orc. The orc hits you with a +0 club.
* * * LOW HITPOINT WARNING * * *
You barely miss the orc. The orc hits you with a +0 club.
* * * LOW HITPOINT WARNING * * *
You hit the orc.
The orc is severely wounded.
The orc hits you with a +0 club.
* * * LOW HITPOINT WARNING * * *
You closely miss the orc.
The orc is severely wounded.
The orc hits you with a +0 club.
You die...

#..
#.#
.o.
#o#
#.#
#.#
#.####
#....#
####.#
#o#
#@#
#)#
#.#
#.#
..#
###


You could see an orc.

Vanquished Creatures
  2 nameless horrors (D:2)
  2 dart slugs (D:1)
  2 orcs (D:3)
  A bat (D:1)
  2 endoplasms
  3 goblins (D:2)
  A hobgoblin (D:1)
  2 kobolds (D:1)
  A ball python (D:1)
  A frilled lizard (D:2)
17 creatures vanquished.

Vanquished Creatures (collateral kills)
  An orc wizard (D:2)
  2 adders (D:2)
  A ball python (D:1)
  A bat (D:1)
  An endoplasm (D:2)
  A giant cockroach (D:1)
  3 quokkas (D:1)
  2 kobolds
  A rat (D:1)
13 creatures vanquished.

Grand Total: 30 creatures vanquished

Notes
Turn   | Place    | Note
-------+----------+-------------------------------------------
     0 | D:1      | Cheops the Merfolk Summoner began the quest for the Orb.
     0 | D:1      | Reached XP level 1. HP: 13/13 MP: 3/3
   376 | D:1      | Reached XP level 2. HP: 14/19 MP: 1/5
   833 | D:2      | Reached XP level 3. HP: 24/24 MP: 6/6
   836 | D:2      | Learned a level 2 spell: Call Imp
   840 | D:2      | Learned a level 3 spell: Call Canine Familiar
   977 | D:2      | Reached skill level 1 in Polearms
  1069 | D:2      | Reached skill level 5 in Summonings
  1122 | D:2      | Found Bythrela's Distillery.
  1129 | D:2      | Bought a potion of might for 44 gold pieces
  1129 | D:2      | Bought a potion of degeneration for 11 gold pieces
  1151 | D:2      | Noticed a nameless horror
  1168 | D:2      | Killed a nameless horror
  1438 | D:2      | Found a faded altar of an unknown god.
  1627 | D:2      | Bought a potion of berserk rage for 55 gold pieces
  1834 | D:2      | Reached XP level 4. HP: 4/30 MP: 0/7
  1956 | D:3      | HP: 1/30 [orc/+0 club (2)]
  1957 | D:3      | Slain by an orc

Illustrated notes

Levels and vault maps discovered:
D:1:      dpeg_arrival_snail, layout_basic
D:2:      layout_basic, serial_shops, shop, hellmonk_ecumenical_altar_lost_god
D:3:      layout_loops_ring, minmay_misc_feat_alley,
          minmay_misc_feat_secret_circle, uniq_natasha

Skill      XL: |  1  2  3 |
---------------+----------+-----
Polearms       | 1 |  1.9
Summonings     | 5 |  5.3
Dodging        | |  2.6
Stealth        | |  2.1
Shields        | |  0.8
Spellcasting   | |  2.0

Action                     |  1- 3 |  4- 6 || total
---------------------------+-------+-------++-------
  Melee: Unarmed           |    20 |       ||    20
         Short sword       |    23 |       ||    23
         Punch             |     1 |       ||     1
         Spear             |    57 |    14 ||    71
   Cast: Summon Small Mamm |    20 |       ||    20
         Call Canine Famil |     6 |       ||     6
         Call Imp          |     3 |       ||     3
    Use: Potion            |     1 |       ||     1
   Stab: Distracted        |     3 |       ||     3
         Sleeping          |     2 |       ||     2
 Armour: Robe              |    15 |       ||    15
         Leather armour    |    12 |     3 ||    15
  Dodge: Dodged            |    61 |     7 ||    68
  Block: Buckler           |     2 |     4 ||     6
